Map: [EWC] Ghost River

Players

GuMiho

  • Race: Terran Terran
  • Spawn Location: 11:00

Oliveira - Winner!

  • Race: Terran Terran
  • Spawn Location: 1:00

Event: Esports World Cup 2024

VOD

Have the link to the VOD?

Description

Time

  • Played on: Aug. 15, 2024, 11 a.m.
  • Length: 8:32

All games in this series

Show
View Real Time Build Order
Export as new Build Order

GuMiho Terran 

Build Orders:  

Get SALT Encoding   

  12  0:00  SCV  
  13  0:12  SCV  
  14  0:16  Supply Depot  
  14  0:24  SCV  
  15  0:38  SCV  
  15  0:40  Barracks  
  16  0:43  Refinery  
  16  0:50  SCV  
  16  0:52  Refinery  
  17  1:02  SCV  
  18  1:14  SCV  
  19  1:27  Orbital Command, Reaper  
  20  1:33  Supply Depot  
  20  1:39  Factory  
  20  1:52  SCV  
  21  1:59  Reaper  
  22  2:04  SCV  
  23  2:15  Command Center  
  23  2:18  SCV  
  24  2:23  Hellion  
  26  2:30  SCV  
  26  2:31  Barracks Reactor  
  26  2:35  Supply Depot  
  27  2:43  Starport  
  27  2:46  SCV  
  27  2:49  Factory Tech Lab  
  28  2:58  SCV  
  29  3:07  Siege Tank  
  29  3:08  Marine x2  
  34  3:16  SCV  
  35  3:21  Medivac  
  35  3:25  Marine  
  35  3:26  Marine  
  38  3:28  SCV  
  38  3:29  Orbital Command  
  37  3:41  Siege Tank  
  37  3:43  Marine x2  
  37  3:44  SCV  
  43  3:54  Viking  
  43  3:56  SCV  
  44  4:10  Supply Depot, Marine  
  44  4:11  Marine  
  44  4:12  SCV x2  
  44  4:16  Refinery  
  48  4:19  Siege Tank  
  51  4:25  Supply Depot  
  51  4:30  SCV x2  
  50  4:42  SCV x2  
  52  4:52  Siege Tank  
  55  4:54  SCV x2  
  57  5:01  Supply Depot  
  57  5:03  Viking  
  57  5:05  Command Center  
  57  5:06  SCV  
  57  5:07  SCV  
  61  5:08  Viking  
  63  5:19  SCV x2  
  65  5:23  Supply Depot  
  65  5:24  Siege Tank  
  68  5:29  Barracks Tech Lab  
  68  5:31  SCV x2  
  70  5:36  Refinery  
  70  5:37  Viking  
  72  5:43  SCV x2  
  72  5:46  Viking  
  76  5:55  SCV x2  
  74  5:58  Armory  
  74  6:01  Cyclone  
  74  6:07  SCV x2  
  76  6:14  Factory  
  76  6:15  Supply Depot, Engineering Bay  
  76  6:17  Supply Depot  
  76  6:18  Orbital Command  
  76  6:19  SCV x2  
  78  6:29  Viking  
  78  6:31  SCV x2  
  74  6:43  SCV x2  
  74  6:45  Missile Turret  
  74  6:46  SCV  
  75  6:48  Refinery  
  75  6:55  SCV  
  75  6:56  SCV, Refinery  
  75  6:57  Thor  
  83  7:02  SCV  
  83  7:08  SCV x2  
  87  7:15  SCV  
  87  7:20  SCV  
  87  7:21  SCV  
  83  7:27  SCV  
  81  7:32  SCV  
  81  7:34  SCV  
  74  7:38  Siege Tank  
  74  7:39  SCV  
  74  7:41  Siege Tank  
  81  7:44  SCV  
  81  7:46  SCV  
  79  7:52  SCV  
  79  7:56  SCV  
Show
View Real Time Build Order
Export as new Build Order

Oliveira Terran - Winner!

Build Orders:  

Get SALT Encoding   

  12  0:00  SCV  
  13  0:12  SCV  
  14  0:17  Supply Depot  
  14  0:24  SCV  
  15  0:29  Refinery  
  15  0:39  SCV  
  16  0:43  Barracks  
  16  0:51  SCV  
  17  0:59  Refinery  
  17  1:03  SCV  
  18  1:15  SCV  
  19  1:30  Orbital Command, Reaper  
  20  1:37  Factory  
  20  1:42  Supply Depot  
  20  1:55  SCV  
  21  2:02  Reaper  
  21  2:08  SCV  
  23  2:16  Command Center  
  23  2:22  Hellion  
  25  2:25  SCV  
  26  2:33  Supply Depot  
  26  2:34  Reaper  
  27  2:37  SCV  
  27  2:44  Hellion  
  30  2:49  SCV  
  31  2:54  Starport  
  31  3:01  SCV  
  32  3:07  Cyclone  
  32  3:09  Barracks Reactor  
  34  3:17  SCV  
  35  3:29  Orbital Command, SCV  
  35  3:30  Medivac  
  35  3:32  Refinery  
  36  3:42  Cyclone  
  36  3:44  SCV  
  36  3:45  Marine x2  
  40  3:57  SCV  
  41  4:06  SCV  
  42  4:11  Supply Depot, Viking x2  
  42  4:17  SCV  
  47  4:19  Factory Tech Lab  
  47  4:20  Barracks Tech Lab  
  47  4:21  SCV  
  48  4:29  SCV  
  49  4:33  SCV  
  47  4:40  Siege Tank, Marine  
  47  4:41  SCV, Viking x2  
  47  4:42  Supply Depot  
  47  4:45  SCV  
  55  4:56  SCV  
  55  4:57  SCV  
  55  4:58  Starport, Marine  
  55  4:59  Refinery  
  58  5:05  Supply Depot  
  58  5:11  SCV x2  
  58  5:12  Siege Tank  
  63  5:14  Viking  
  63  5:19  Marine  
  66  5:23  Viking  
  66  5:24  SCV  
  66  5:25  SCV  
  70  5:28  Supply Depot  
  70  5:35  Viking  
  72  5:37  SCV x2  
  74  5:44  Siege Tank  
  77  5:50  Viking  
  77  5:51  Supply Depot  
  79  5:59  Command Center  
  79  6:01  SCV, Liberator  
  79  6:03  SCV  
  84  6:10  Viking  
  86  6:14  SCV  
  86  6:15  SCV  
  88  6:19  Siege Tank  
  91  6:26  Supply Depot, SCV  
  91  6:27  SCV  
  93  6:38  SCV  
  89  6:41  Stimpack  
  89  6:42  SCV, Marine  
  89  6:44  Barracks x2  
  88  6:50  SCV, Liberator  
  92  6:55  Siege Tank  
  95  7:02  SCV, Liberator  
  95  7:03  SCV  
  100  7:19  Liberator  
  100  7:21  Marine  
  105  7:22  SCV  
  99  7:38  Siege Tank, Marine, SCV  
  104  7:47  Orbital Command, SCV  
  104  7:51  Command Center  
  100  8:00  Viking x2  
  100  8:01  SCV x2  
  100  8:03  Refinery x2  
  102  8:07  Barracks Tech Lab, Barracks, Barracks Reactor  
  102  8:09  Barracks  
Tags
 
Add a new tag
Caveats
  • Supply blocks, unpowered buildings, or Contaminate may cause inaccurate times.
  • Supply counts are checked every 10 seconds.